 Dungeon Crawl Stone Soup version 0.17.1-2-g5865329 (webtiles) character file.

891 Metrazal the Nimble (level 7, 0/33 HPs)
             Began as a Spriggan Assassin on Jan 30, 2016.
             Was a Follower of Elyvilon.
             Shot with an arrow by a centaur (11 damage)
             ... on level 6 of the Dungeon.
             The game lasted 00:48:11 (5757 turns).

Metrazal the Nimble (Spriggan Assassin)             Turns: 5757, Time: 00:48:11

Health: 0/33       AC:  3    Str:  7    XL:     7   Next: 77%
Magic:  8/8        EV: 26    Int: 13    God:    Elyvilon [*.....]
Gold:   282        SH:  0    Dex: 19    Spells: 0 memorised, 6 levels left

rFire  . . .     SeeInvis +     b - +0 blowgun
rCold  . . .     Clarity  .     c - +0 robe
rNeg   . . .     SustAt   .     (shield restricted)
rPois  .         Gourm    .     (helmet restricted)
rElec  .         Spirit   .     d - +0 cloak
rCorr  .         Warding  .     (gloves unavailable)
rMut   .         Stasis   .     (boots unavailable)
MR     +....                    (no amulet)
Stlth  ++++......               (no ring)
                                (no ring)

@: very quick, somewhat resistant to hostile enchantments, stealthy
A: unfitting armour, see invisible, herbivore 3, speed 3, slow metabolism 2
a: Lesser Healing, Divine Protection, Renounce Religion


You were on level 6 of the Dungeon.
You worshipped Elyvilon.
Elyvilon was aware of your devotion.
You were not hungry.

You visited 2 branches of the dungeon, and saw 7 of its levels.

You collected 282 gold pieces.

Inventory:

Hand Weapons
 a - a +2 dagger
 b - a +0 blowgun (weapon)
 r - a +0 shortbow
Missiles
 f - 2 poisoned needles (quivered)
 l - 109 stones
 m - 17 exploding sling bullets
 o - 2 curare-tipped needles
 C - 50 sling bullets
 G - 8 poisoned arrows
 H - 3 arrows
Armour
 c - a +0 robe (worn)
 d - a +0 cloak (worn)
Wands
 y - a wand of teleportation (2)
Scrolls
 h - 2 scrolls of amnesia {unknown}
 i - a scroll of immolation {unknown}
 j - 2 scrolls of noise {unknown}
 q - 6 scrolls of teleportation {unknown}
 s - 4 scrolls of enchant armour {unknown}
 t - 3 scrolls of fear {unknown}
 u - 4 scrolls of identify {unknown}
 x - 3 scrolls of random uselessness {unknown}
 A - 4 scrolls of fog {unknown}
 B - a scroll of remove curse {unknown}
 E - a scroll of enchant weapon {unknown}
Potions
 e - a potion of mutation {unknown}
 k - 2 potions of heal wounds {unknown}
 p - a potion of degeneration {unknown}
 v - 4 potions of curing {unknown}
 w - 2 potions of ambrosia {unknown}
 z - a potion of lignification {unknown}
 D - a potion of magic {unknown}
 F - a potion of cancellation {unknown}
Comestibles
 g - 7 bread rations
 n - 4 fruits


   Skills:
 - Level 1.5 Fighting
 - Level 2.1 Short Blades
 + Level 7.1 Bows
 - Level 2.0 Throwing
 + Level 9.3 Dodging
 - Level 5.8 Stealth


You had 6 spell levels left.
You didn't know any spells.

Dungeon Overview and Level Annotations

Branches:
Dungeon (6/15)             Temple (1/1) D:4

Altars:
Ashenzari
Cheibriados
Elyvilon
Fedhas
Gozag
Kikubaaqudgha
Makhleb
Nemelex Xobeh
Okawaru
Qazlal
Trog
Xom
Yredelemnul
Zin
The Shining One

Annotations:
D:5 Clownie's ghost, novice OpMo; Menkaure


Innate Abilities, Weirdness & Mutations

You are tiny and cannot use many weapons and most armour.
You have supernaturally acute eyesight.
You are a herbivore.
You cover ground extremely quickly.
You need consume almost no food.


Message History

Firing (i - inventory. (,) - cycle):
f - 5 poisoned needles (quivered)
Press: ? - help, Shift-Dir - straight line, f/p - centaur
Aim: a centaur, wielding a shortbow of flaming (lightly wounded, poisoned)
You shoot a poisoned needle.
The poisoned needle barely misses the centaur.
The centaur shoots an arrow.
The arrow barely misses you.
Firing (i - inventory. (,) - cycle):
f - 4 poisoned needles (quivered)
Press: ? - help, Shift-Dir - straight line, f/p - centaur
Aim: a centaur, wielding a shortbow of flaming (moderately wounded, poisoned)
You shoot a poisoned needle. The poisoned needle hits the centaur!
The centaur is moderately wounded.
The centaur shoots an arrow.
The arrow hits you! The arrow burns you.
The centaur shoots an arrow.
The arrow closely misses you.
Firing (i - inventory. (,) - cycle):
f - 3 poisoned needles (quivered)
Press: ? - help, Shift-Dir - straight line, f/p - centaur
Aim: a centaur, wielding a shortbow of flaming (heavily wounded, poisoned)
You shoot a poisoned needle. The poisoned needle hits the centaur!
The centaur is heavily wounded.
The centaur shoots an arrow.
The arrow hits you!
You die...

#.....................
############........##
.................
#########......###
.................
########......##
#......# #......####
#@........#
#....(....#
#####.....# #...c.#
#.......c #........
......... ..#######
..#


You could see a centaur.

Vanquished Creatures
  Grinder (D:5)
  The ghost of Clownie the Insei, an amateur OpMo (D:3)
  Purgy (D:4)
  2 ogres (D:4)
  A crimson imp (D:5)
  3 hounds
  2 centaur skeletons
  A worker ant (D:4)
  6 adders
  A worm (D:3)
  2 giant geckos
  A ball python (D:5)
  6 bats
  6 giant cockroaches
  3 hobgoblins (D:3)
  3 jackals (D:4)
  5 kobolds
  A quokka (D:5)
  2 ball python skeletons
  5 giant newts
  5 goblins
  8 rats
66 creatures vanquished.

Vanquished Creatures (others)
  5 toadstools (D:1)
5 creatures vanquished.

Grand Total: 71 creatures vanquished

Notes
Turn   | Place    | Note
--------------------------------------------------------------
     0 | D:1      | Metrazal the Spriggan Assassin began the quest for the Orb.
     0 | D:1      | Reached XP level 1. HP: 10/10 MP: 2/2
   367 | D:1      | Reached XP level 2. HP: 14/14 MP: 3/3
  1303 | D:2      | Reached skill level 1 in Bows
  1895 | D:2      | Reached XP level 3. HP: 18/18 MP: 4/4
  2301 | D:3      | Found an opulent altar of Gozag.
  2516 | D:3      | Noticed Clownie's ghost (amateur OpMo)
  2552 | D:3      | Killed Clownie's ghost
  2552 | D:3      | Reached skill level 5 in Dodging
  2552 | D:3      | Reached XP level 4. HP: 11/22 MP: 5/5
  2552 | D:3      | Reached XP level 5. HP: 12/25 MP: 6/6
  3144 | D:4      | Noticed Purgy
  3177 | D:4      | Killed Purgy
  3177 | D:4      | Reached skill level 6 in Dodging
  3177 | D:4      | Reached XP level 6. HP: 30/30 MP: 7/7
  3436 | D:4      | Noticed an ogre
  3446 | D:4      | Killed an ogre
  3446 | D:4      | Reached skill level 5 in Bows
  3446 | D:4      | Reached skill level 7 in Dodging
  3452 | D:4      | Found a staircase to the Ecumenical Temple.
  3466 | Temple   | Entered the Ecumenical Temple
  3493 | Temple   | Became a worshipper of Elyvilon the Healer
  3835 | D:4      | Noticed an ogre
  3846 | D:4      | Found a burning altar of Makhleb.
  3848 | D:4      | Killed an ogre
  3902 | D:4      | Found a glowing silver altar of Zin.
  3912 | D:4      | Found a snail-covered altar of Cheibriados.
  3950 | D:4      | Reached XP level 7. HP: 30/33 MP: 8/8
  4025 | D:4      | Reached skill level 8 in Dodging
  4041 | D:4      | Reached * piety under Elyvilon
  4510 | D:5      | Entered Level 5 of the Dungeon
  4560 | D:5      | Noticed Menkaure
  4623 | D:5      | Noticed Clownie's ghost (novice OpMo)
  4637 | D:5      | Noticed Grinder
  4667 | D:5      | Killed Grinder
  4667 | D:5      | Reached skill level 9 in Dodging
  5757 | D:6      | Shot with an arrow by a centaur

Action                   |  1- 3 |  4- 6 |  7- 9 || total
-------------------------+-------+-------+-------++-------
Melee: Dagger            |     9 |       |    76 ||    85
 Fire: Blowgun           |    46 |    31 |    42 ||   119
       Shortbow          |    10 |    16 |    44 ||    70
Throw: Stone             |       |       |    30 ||    30
 Stab: Sleeping          |    30 |    10 |     6 ||    46
  Eat: Fruit             |       |       |     1 ||     1
